Map: Neon Violet Square LE

Players

CinDra

  • Race: Zerg Zerg
  • League: Silver
  • Spawn Location: 5:00

IIIllIIllIII - Winner!

  • Race: Zerg Zerg
  • League: Silver
  • Spawn Location: 11:00

VOD

Have the link to the VOD?

Description

Time

  • Played on: Feb. 25, 2018, 2:37 a.m.
  • Length: 16:51
Show
View Real Time Build Order
Export as new Build Order

CinDra Zerg 

Build Orders: Hatch First 

Get SALT Encoding   

  12  0:01  Drone  
  13  0:13  Overlord  
  13  0:18  Drone  
  14  0:34  Drone  
  14  0:35  Drone  
  16  0:41  Drone  
  17  0:54  Hatchery  
  17  0:56  Drone  
  17  1:03  Drone  
  18  1:07  Drone, Extractor  
  18  1:18  Drone  
  19  1:25  Spawning Pool  
  19  1:28  Drone  
  19  1:39  Drone  
  20  1:50  Drone  
  21  2:07  Drone  
  22  2:12  Queen x2  
  22  2:13  Zergling x4  
  28  2:36  Overlord x2  
  28  3:04  Metabolic Boost  
  28  3:05  Zergling x2  
  28  3:06  Zergling x4  
  28  3:08  Hatchery  
  30  3:28  Zergling x4, Extractor  
  31  3:40  Zergling x6  
  34  3:48  Zergling x2  
  35  3:58  Drone  
  36  4:07  Drone  
  36  4:08  Drone  
  36  4:09  Overlord  
  38  4:21  Drone x2  
  40  4:35  Drone x3  
  43  4:40  Queen  
  43  4:42  Overlord  
  43  4:43  Drone  
  43  4:44  Drone  
  43  4:45  Hatchery  
  46  4:56  Drone  
  46  4:57  Drone, Roach Warren  
  47  5:00  Drone  
  47  5:03  Drone  
  49  5:15  Drone  
  49  5:16  Drone x4  
  44  5:37  Zergling x10  
  39  5:52  Zergling x14  
  37  6:00  Drone, Queen  
  37  6:03  Queen  
  42  6:09  Zergling x4  
  44  6:14  Drone  
  44  6:16  Zergling x2  
  46  6:29  Drone  
  46  6:30  Drone  
  43  6:58  Lair  
  43  7:13  Hatchery  
  43  7:15  Drone  
  43  7:16  Drone x5  
  48  7:26  Roach  
  48  7:28  Pneumatized Carapace  
  50  7:39  Roach x5  
  50  7:40  Overlord x2  
  60  7:57  Glial Reconstitution  
  60  8:02  Spire  
  59  8:11  Drone  
  59  8:12  Drone x10  
  70  8:18  Extractor  
  69  8:21  Overseer x2, Extractor  
  69  8:25  Roach x3  
  74  8:28  Unknown  
  74  9:17  Mutalisk x4  
  74  9:19  Overlord x2  
  74  9:20  Overlord x5  
  74  9:22  Zerg Flyer Weapons Level 1  
  82  9:30  Unknown  
  82  9:42  Roach, Mutalisk  
  82  9:43  Mutalisk x8  
  102  9:47  Drone x2  
  104  9:55  Drone  
  105  10:07  Drone x4  
  105  10:08  Drone  
  110  10:16  Extractor  
  110  10:19  Extractor  
  108  10:32  Mutalisk  
  108  10:33  Mutalisk x5  
  120  10:37  Queen  
  122  10:43  Drone  
  105  11:42  Mutalisk  
  105  11:43  Mutalisk x10  
  105  11:45  Overlord  
  105  11:46  Overlord x3  
  119  12:04  Roach x3  
  119  12:08  Hatchery, Zerg Flyer Armor Level 1  
  124  12:39  Roach x14  
  124  12:40  Roach  
  152  13:15  Drone  
  152  13:17  Roach x6  
  152  13:18  Roach x3  
  166  13:28  Roach  
  166  13:29  Roach x3  
  166  13:30  Overlord  
  166  13:31  Overlord  
  118  14:06  Roach x12  
  92  14:14  Roach x2  
  92  14:15  Roach x9  
  114  14:24  Roach  
  114  14:25  Roach x2  
  120  14:59  Roach  
  128  15:00  Roach x11  
  128  15:03  Mutalisk  
  146  15:10  Hatchery  
  145  15:15  Mutalisk  
  145  15:16  Mutalisk x2  
  151  15:48  Overseer  
  151  15:49  Overseer  
  151  16:09  Mutalisk x5  
  135  16:27  Roach  
  135  16:28  Roach x11  
Show
View Real Time Build Order
Export as new Build Order

IIIllIIllIII Zerg - Winner!

Build Orders: Pool First, Lurkers 

Get SALT Encoding   

  12  0:01  Drone  
  13  0:08  Drone  
  13  0:13  Extractor  
  13  0:16  Drone  
  14  0:34  Spawning Pool  
  13  0:38  Drone  
  14  0:43  Extractor  
  14  0:49  Drone  
  14  0:53  Extractor  
  14  0:55  Drone  
  15  1:02  Overlord  
  16  1:22  Zergling x6  
  16  1:24  Metabolic Boost  
  19  1:33  Zergling x2  
  19  1:39  Queen  
  22  2:02  Hatchery  
  21  2:08  Overlord  
  21  2:14  Drone  
  22  2:26  Drone  
  22  2:27  Drone  
  24  2:33  Drone  
  25  2:52  Queen  
  25  2:55  Drone x3  
  29  3:16  Overlord  
  26  3:24  Queen  
  26  3:25  Drone x2  
  26  3:26  Drone x2, Zergling x4  
  35  3:27  Zergling x2  
  35  3:35  Drone  
  35  3:37  Baneling Nest  
  35  3:43  Spine Crawler  
  35  3:46  Drone  
  35  3:47  Drone  
  36  3:49  Drone  
  37  4:04  Overlord  
  37  4:13  Hatchery  
  36  4:23  Overlord  
  36  4:25  Zergling x6  
  36  4:26  Zergling x2  
  36  4:28  Zergling x2  
  36  4:30  Zergling x2  
  42  4:32  Zergling x2  
  42  4:34  Zergling x2  
  44  5:00  Baneling x2  
  44  5:01  Baneling x2  
  38  5:51  Queen  
  38  5:52  Drone x6  
  38  5:53  Drone x14  
  57  6:01  Lair  
  55  6:05  Roach Warren  
  54  6:12  Spine Crawler  
  54  6:17  Hatchery, Evolution Chamber  
  51  6:20  Evolution Chamber  
  51  6:21  Extractor  
  49  6:28  Drone x4  
  49  6:29  Drone x2  
  55  6:35  Drone x3  
  55  6:39  Zergling x2  
  60  6:40  Zergling x6  
  62  6:52  Zergling x2  
  62  6:53  Zergling x8  
  66  7:00  Baneling x4  
  66  7:07  Drone, Spore Crawler  
  66  7:09  Overlord  
  66  7:10  Overlord  
  66  7:12  Overlord  
  66  7:15  Pneumatized Carapace  
  66  7:17  Extractor  
  66  7:18  Queen, Extractor  
  66  7:20  Spore Crawler  
  66  7:21  Extractor  
  66  7:22  Extractor  
  63  7:29  Drone  
  65  7:30  Drone x3  
  65  7:32  Zerg Ground Armor Level 1, Zerg Missile Weapons Level 1  
  65  7:33  Glial Reconstitution  
  65  7:35  Drone x3  
  65  7:36  Drone x3  
  73  7:39  Roach  
  73  7:40  Roach  
  77  7:47  Spore Crawler  
  77  7:50  Drone x2  
  77  7:51  Drone x3  
  81  7:52  Drone x2  
  81  7:53  Drone  
  81  7:57  Burrow  
  84  8:01  Drone x4  
  84  8:02  Drone  
  89  8:06  Overlord  
  89  8:07  Overlord  
  89  8:12  Overseer  
  89  8:17  Roach x3  
  95  8:20  Overlord  
  95  8:22  Overlord  
  95  8:50  Hatchery  
  95  8:54  Hatchery  
  93  8:59  Hatchery  
  92  9:12  Tunneling Claws  
  92  9:17  Roach  
  92  9:18  Roach x14  
  92  9:22  Ravager x2  
  92  9:23  Ravager x3  
  127  9:25  Overseer  
  127  9:42  Hydralisk Den  
  126  9:46  Drone x2  
  126  9:48  Overlord x2  
  126  9:49  Overlord  
  126  9:50  Overlord x2  
  126  9:51  Overlord  
  126  9:52  Overlord  
  128  9:53  Overlord  
  128  9:54  Overlord  
  128  9:56  Overlord  
  128  10:19  Lurker Den  
  127  10:34  Spore Crawler  
  126  10:36  Drone x3  
  126  10:38  Spine Crawler  
  128  10:46  Zerg Missile Weapons Level 2, Zerg Ground Armor Level 2  
  128  10:54  Infestation Pit  
  128  10:55  Spore Crawler  
  126  11:01  Hydralisk, Muscular Augments  
  126  11:02  Hydralisk x15  
  158  11:17  Spire  
  143  11:43  Queen  
  143  11:44  Drone x2, Spore Crawler  
  143  11:45  Drone x6  
  152  11:52  Hive  
  152  11:58  Spine Crawler  
  152  11:59  Spine Crawler  
  150  12:07  Lurker  
  151  12:08  Lurker x2  
  151  12:09  Lurker, Hydralisk  
  151  12:10  Hydralisk x9  
  151  12:13  Overseer x2, Grooved Spines  
  174  12:23  Drone, Extractor  
  174  12:24  Drone x2, Extractor  
  174  12:25  Drone x3  
  178  12:58  Overlord  
  178  12:59  Overlord x2  
  178  13:00  Overlord x5  
  178  13:13  Zerg Missile Weapons Level 3, Zerg Ground Armor Level 3  
  176  13:33  Hatchery  
  175  13:35  Ultralisk Cavern  
  175  13:36  Zerg Flyer Weapons Level 1  
  175  13:39  Drone x3, Spire  
  133  14:23  Drone x3  
  133  14:24  Drone x3  
  138  14:27  Chitinous Plating  
  138  14:29  Adrenal Glands  
  138  14:30  Zergling x2  
  138  14:31  Zergling x14  
  144  14:32  Zergling x4  
  144  14:34  Ultralisk x2  
  144  14:36  Ultralisk  
  167  14:39  Mutalisk  
  167  14:40  Mutalisk x6  
  167  14:42  Mutalisk  
  183  14:48  Adaptive Talons  
  183  15:02  Spore Crawler  
  183  15:04  Hatchery  
  183  15:05  Spine Crawler, Spore Crawler  
  179  15:07  Spine Crawler  
  179  15:08  Spine Crawler  
  177  15:48  Lurker x2  
  179  15:50  Hydralisk  
  179  15:51  Ultralisk  
  179  15:53  Hydralisk  
  179  15:54  Hydralisk x2, Ultralisk  
Tags
 
Add a new tag
Caveats
  • Supply blocks, unpowered buildings, or Contaminate may cause inaccurate times.
  • Supply counts are checked every 10 seconds.